 Dungeon Crawl Stone Soup version 0.20-a0-509-ga2a529b (webtiles) character file.

18 M4edhros the Vexing (level 2, 0/22 HPs)
             Began as a Formicid Arcane Marksman on Jan 22, 2017.
             Slain by an adder (4 damage)
             ... on level 2 of the Dungeon.
             The game lasted 00:00:34 (221 turns).

M4edhros the Vexing (Formicid Arcane Marksman)       Turns: 221, Time: 00:00:35

Health: 0/22       AC:  2    Str: 14    XL:     2   Next: 90%
Magic:  3/3        EV: 12    Int: 12    God:
Gold:   36         SH:  0    Dex: 11    Spells: 2/3 levels left

rFire    . . .     SeeInvis +   a - +0 hand crossbow
rCold    . . .     Gourm    .   e - +0 robe
rNeg     . . .     Faith    .   (no shield)
rPois    .         Spirit   .   (helmet unavailable)
rElec    .         Reflect  .   (no cloak)
rCorr    .         Harm     .   (no gloves)
MR       .....                  (no boots)
Stlth    +.........             (no amulet)
Regen    0.1/turn               (no ring)
                                (no ring)

@: no status effects
A: permanent stasis, dig shafts and tunnels, four strong arms, antennae 3
a: Dig, Shaft Self


You were on level 2 of the Dungeon.
You were not hungry.

You visited 1 branch of the dungeon, and saw 2 of its levels.

You collected 36 gold pieces.

Inventory:

Hand Weapons
 a - a +0 hand crossbow (weapon)
Missiles
 d - 3 bolts (quivered)
Armour
 e - a +0 robe (worn)
Scrolls
 i - a scroll of fear {unknown}
Potions
 b - 2 potions of lignification {unknown}
 h - a potion of brilliance {unknown}
Books
 c - a book of Debilitation

   Spells                             Type                      Level
   a - Corona                         Hexes                        1
   b - Slow                           Hexes                        2
   c - Gell's Gravitas                Hexes/Translocation          3
   d - Inner Flame                    Hexes/Fire                   3
   e - Cause Fear                     Hexes                        4
   f - Leda's Liquefaction            Hexes/Earth                  4
Comestibles
 f - a bread ration
 g - a royal jelly


   Skills:
 + Level 1.9 Fighting
 * Level 2.2 Crossbows
 + Level 2.1 Dodging
 - Level 1.1 Spellcasting
 * Level 3.9 Hexes


You had 2 spell levels left.
You knew the following spells:

 Your Spells              Type           Power        Failure   Level  Hunger
a - Corona                Hex            ##.....      8%          1    ##.....


Dungeon Overview and Level Annotations

Branches:
Dungeon (2/15)

Altars:
Vehumet


Innate Abilities, Weirdness & Mutations

You cannot be hasted, slowed, berserked, paralysed or teleported.
You can dig through walls and to a lower floor.
Your four strong arms can wield two-handed weapons with a shield.
You have a pair of large antennae on your head. (SInv)


Message History

The giant cockroach bites you but does no damage.
The adder bites you.
* * * LOW HITPOINT WARNING * * *
The giant cockroach misses you.
Firing (i - inventory):
d - 5 bolts (quivered)
Press: ? - help, Shift-Dir - straight line, f/p - adder
Aim: an adder (severely wounded)
You shoot a bolt. The bolt closely misses the adder.
The bolt hits the goblin.
You kill the goblin!
The adder misses you. The adder bites you.
* * * LOW HITPOINT WARNING * * *
The giant cockroach bites you but does no damage.
Firing (i - inventory):
d - 4 bolts (quivered)
Press: ? - help, Shift-Dir - straight line, f/p - adder
Aim: an adder (severely wounded)
You shoot a bolt. The bolt barely misses the adder.
The adder bites you but does no damage.
The giant cockroach bites you but does no damage.
The adder bites you.
You die...

.#............#....
{!
........#.g#.#......
s
..!.....##g..........
$.......#...........
........#...........
..............{.....
....................
........#####......
##..(..).)S@s......
###....#######....
###### ## #


You could see an adder and a giant cockroach.

Vanquished Creatures
  A dart slug (D:1)
  A leopard gecko (D:1)
  2 ball pythons
  A bat (D:2)
  2 goblins (D:2)
  3 hobgoblins
  3 kobolds
  A rat (D:2)
14 creatures vanquished.

Notes
Turn   | Place    | Note
-------+----------+-------------------------------------------
     0 | D:1      | M4edhros the Formicid Arcane Marksman began the quest for the Orb.
     0 | D:1      | Reached XP level 1. HP: 15/15 MP: 2/2
    89 | D:1      | Reached XP level 2. HP: 21/21 MP: 3/3
   133 | D:2      | Found a radiant altar of Vehumet.
   221 | D:2      | Slain by an adder

Vault maps used:
D:1:      dpeg_arrival_rhombi
D:2:      vehumet_crystals, guppyfry_early_orc_mine

Skill      XL: |  1 |
---------------+----+-----
Dodging        | 2 |  2.1
Fighting       | |  1.9
Crossbows      | |  2.2
Spellcasting   | |  1.1
Hexes          | |  3.9

Action                   || total
-------------------------++-------
 Fire: Hand crossbow     ||    32
Armor: Robe              ||    20
Dodge: Dodged            ||    39
